 Dungeon Crawl Stone Soup version 0.31.0-1-g2c135a008e (webtiles) character file.

Game seed: 13425294256615351278

333 qw the Shooter (level 6, -6/46 HPs)
             Began as a Djinni Hunter on Jan 23, 2024.
             Mangled by a gnoll sergeant
             ... wielding a +0 spear
              (9 damage)
             ... on level 5 of the Dungeon.
             The game lasted 00:00:07 (1740 turns).

qw the Shooter (Djinni Hunter)                      Turns: 1740, Time: 00:00:08

Health: -6/46      AC:  6    Str: 10    XL:     6   Next: 82%
Gold:   58         EV: 16    Int: 11    God:
                   SH:  0    Dex: 18

rFire   + + .        g - +0 orcbow
rCold   x . .        (shield currently unavailable)
rNeg    . . .        f - +1 ring mail
rPois   inf          (no helmet)
rElec   .            (no cloak)
rCorr   .            (no gloves)
SInv    .            (boots unavailable)
Will    .....        (no amulet)
Stlth   +            e - +5 ring of evasion
HPRegen 0.27/turn    (no ring)
MPRegen 0.00/turn

%: infuse magic (-7 HP)
@: flying
A: sickness immunity, fire resistance 2, cold vulnerability 1, float, innate
caster, HP casting, extra vitality 1, sense surroundings 1
a: no special abilities


You were on level 5 of the Dungeon.
You visited 1 branch of the dungeon, and saw 4 of its levels.

You collected 114 gold pieces.
You spent 56 gold pieces at shops.


Innate Abilities, Weirdness & Mutations

You are immune to sickness and miasma.
You are immune to poison.
Your flesh is very heat resistant. (rF++)
You are vulnerable to cold. (rC-)
You float through the air rather than walking.
You learn spells naturally, not from books.
Your magical power is your life essence.
You have superior vitality. (+4 MHP)
You passively map a small area around you.


   Skills:
 + Level 3.4 Fighting
 - Level 5.4 Ranged Weapons
 - Level 1.0 Armour
 - Level 3.1 Dodging
 - Level 0.7 Stealth


You knew the following spells:

 Your Spells              Type           Power      Damage    Failure   Level
a - Kiss of Death         Conj/Necr      0%         2d5       65%         1
b - Jinxbite              Hex            0%         N/A       80%         2
Your spell library was empty.

Inventory:

Hand Weapons
 g - a +0 orcbow (weapon)
Armour
 a - a +1 leather armour of cold resistance
 f - a +1 ring mail (worn)
Jewellery
 e - a +5 ring of evasion (left hand)
Scrolls
 b - 2 scrolls of identify
 k - a scroll of enchant armour
Potions
 c - a potion of cancellation {unknown}
 d - a potion of haste
 i - a potion of curing

Dungeon Overview and Level Annotations

Branches:
Dungeon (3/15)

Altars:

Shops:
D:2 ?

Annotations:
D:3 2 transporters


Message History

The orc wizard flickers and vanishes!
The orc moves out of view.
You shoot an arrow.
The arrow hits the gnoll sergeant but does no damage.
The gnoll sergeant is heavily wounded.
The gnoll sergeant hits you from afar with a +0 spear!
The gnoll sergeant hits you but does no damage.
You shoot an arrow.
The arrow barely misses the gnoll sergeant.
The gnoll sergeant misses you.
You shoot an arrow.
The arrow hits the gnoll sergeant but does no damage.
The gnoll sergeant is heavily wounded.
You hear the slow hiss of an avalanche of sand nearby.
The gnoll sergeant hits you from afar with a +0 spear!
The gnoll sergeant misses you.
You shoot an arrow.
The arrow hits the gnoll sergeant but does no damage.
The gnoll sergeant is heavily wounded.
The gnoll sergeant barely misses you.
You shoot an arrow.
The arrow barely misses the gnoll sergeant.
The gnoll sergeant closely misses you.
You shoot an arrow. The arrow hits the gnoll sergeant.
The gnoll sergeant is heavily wounded.
The gnoll sergeant hits you from afar with a +0 spear. x2
You shoot an arrow.
The arrow hits the gnoll sergeant but does no damage.
The gnoll sergeant is heavily wounded.
The gnoll sergeant hits you but does no damage.
You shoot an arrow.
The arrow closely misses the gnoll sergeant.
The arrow hits the orc.
The orc is lightly wounded.
The gnoll sergeant hits you from afar with a +0 spear!
The gnoll sergeant barely misses you.
You shoot an arrow.
The arrow hits the gnoll sergeant but does no damage.
The gnoll sergeant is heavily wounded.
The gnoll sergeant hits you from afar with a +0 spear!
You die...

..#..............##........
###..............#.(g......
, #.................o......
###########....##.o..{g.. ,
, ##..###g..g.... #.>#
#........ ##.# #........ ,
#.###{g...... ,
#.@.g{o......,
#####go...... , #########


You could see a gnoll sergeant, 2 gnolls and 2 orcs.

Vanquished Creatures
  An orc warrior (D:5)
  A scorpion (D:5)
  A bombardier beetle (D:3)
  A hound (D:5)
  An orc wizard (D:3)
  A gnoll (D:5)
  An adder (D:2)
  5 dart slugs
  2 ribbon worms (D:3)
  5 orcs
  6 giant cockroaches
  6 goblins
  2 hobgoblins (D:2)
  2 quokkas (D:2)
  7 ball pythons
  A bat (D:2)
  A frilled lizard (D:1)
  4 kobolds
  4 rats
52 creatures vanquished.

Notes
Turn   | Place    | Note
-------+----------+-------------------------------------------
     0 | D:1      | qw the Djinni Hunter began the quest for the Orb.
     0 | D:1      | Reached XP level 1. HP: 18/18 MP: 0/0
     0 | D:1      | 0 ||| qw: Version: 0.3-a-135-gb77e89d
     0 | D:1      | 0 ||| qw: Game counter: 878
     0 | D:1      | 0 ||| qw: Melee chars always use a shield: true
     0 | D:1      | 0 ||| qw: God list: Okawaru
     0 | D:1      | 0 ||| qw: Allow faded altars: false
     0 | D:1      | 0 ||| qw: Do Orc after clearing Dungeon:15 true
     0 | D:1      | 0 ||| qw: Do second Lair branch before Depths: true
     0 | D:1      | 0 ||| qw: Lair rune preference: random
     0 | D:1      | 0 ||| qw: Goals: Normal
     0 | D:1      | 0 ||| PLANNING D:1-11
   166 | D:1      | Reached XP level 2. HP: 23/23 MP: 0/0
   238 | D:1      | Found a faded altar of an unknown god.
   392 | D:1      | Reached XP level 3. HP: 23/28 MP: 0/0
   392 | D:1      | Learned a level 1 spell: Kiss of Death
   548 | D:1      | Reached skill level 4 in Ranged Weapons
   629 | D:1      | 629 ||| UPGRADING to +0 ring mail.
   639 | D:1      | 639 ||| DROPPING +0 leather armour.
   640 | D:1      | 640 ||| UPGRADING to +5 ring of evasion.
   641 | D:1      | 641 ||| READING scroll labelled KURUIK FUJEARPH.
   642 | D:1      | 642 ||| READING scroll labelled QUCRATE INYN.
   642 | D:1      | 642 ||| IDENTIFYING puce potion
   643 | D:1      | 643 ||| READING scroll labelled HIOZERHA QUYNEIL.
   644 | D:1      | 644 ||| DROPPING scroll of butterflies.
   730 | D:2      | Found Sibisi Ekoxt's Magic Scroll Emporium.
   733 | D:2      | 733 ||| SHOPLISTING scroll of enchant armour (105 gold,
                  | have 68).
   733 | D:2      | 733 ||| BUYING scroll of identify (28 gold).
   733 | D:2      | Bought a scroll of identify for 28 gold pieces
   733 | D:2      | 733 ||| BUYING scroll of identify (28 gold).
   733 | D:2      | Bought a scroll of identify for 28 gold pieces
   733 | D:2      | 733 ||| SHOPLISTING scroll of identify (28 gold, have 12).
   773 | D:2      | Reached skill level 1 in Armour
   828 | D:2      | Reached XP level 4. HP: 31/34 MP: 0/0
   950 | D:2      | Identified the +6 sling "Zogamyusk" {drain, rC- MP+9 Dex+3
                  | Stlth+}
   952 | D:2      | 952 ||| SWAPPING to +6 sling "Zogamyusk" {drain, rC- MP+9
                  | Dex+3 Stlth+}.
   953 | D:2      | 953 ||| DROPPING +0 shortbow.
  1305 | D:2      | 1305 ||| READING 4 scrolls of identify.
  1305 | D:2      | 1305 ||| IDENTIFYING bubbling puce potion
  1306 | D:2      | 1306 ||| DRINKING potion of mutation.
  1306 | D:2      | Gained mutation: You passively map a small area around you.
                  | [potion of mutation]
  1307 | D:2      | 1307 ||| READING 3 scrolls of identify.
  1307 | D:2      | 1307 ||| IDENTIFYING white potion
  1308 | D:2      | 1308 ||| READING 2 scrolls of identify.
  1308 | D:2      | 1308 ||| IDENTIFYING dark potion
  1309 | D:2      | 1309 ||| READING scroll of identify.
  1309 | D:2      | 1309 ||| IDENTIFYING cyan potion
  1310 | D:2      | 1310 ||| READING scroll labelled UKEOSCH TEEDEOPPEU.
  1371 | D:2      | 1371 ||| READING scroll labelled JOEX RUCROTHRAF.
  1376 | D:2      | 1376 ||| READING 2 scrolls labelled WEMOET LITI.
  1376 | D:2      | 1376 ||| ENCHANTING +0 ring mail.
  1377 | D:2      | 1377 ||| READING scroll labelled COVIRH TENUN.
  1378 | D:2      | 1378 ||| DRINKING 2 murky golden potions.
  1379 | D:2      | 1379 ||| DROPPING potion of brilliance.
  1380 | D:2      | 1380 ||| DROPPING potion of berserk rage.
  1381 | D:2      | 1381 ||| DROPPING potion of lignification.
  1400 | D:3      | Reached skill level 3 in Fighting
  1404 | D:3      | Reached skill level 3 in Dodging
  1404 | D:3      | Reached XP level 5. HP: 33/40 MP: 0/0
  1404 | D:3      | Learned a level 2 spell: Jinxbite
  1639 | D:3      | Found a transporter.
  1642 | D:3      | Found a transporter.
  1642 | D:3      | You are sucked into a shaft and drop 2 floors!
  1642 | D:5      | Entered Level 5 of the Dungeon
  1643 | D:5      | 1643 ||| PLANNING OSSUARY
  1659 | D:5      | Reached XP level 6. HP: 46/46 MP: 0/0
  1671 | D:5      | Noticed an orc warrior
  1674 | D:5      | Killed an orc warrior
  1675 | D:5      | Reached skill level 5 in Ranged Weapons
  1680 | D:5      | 1680 ||| SWAPPING to +0 orcbow.
  1682 | D:5      | 1682 ||| DROPPING +6 sling "Zogamyusk" {drain, rC- MP+9
                  | Dex+3 Stlth+}.
  1713 | D:5      | 1713 ||| RETREEEEATING.
  1716 | D:5      | 1716 ||| RETREEEEATING.
  1717 | D:5      | 1717 ||| RETREEEEATING.
  1718 | D:5      | 1718 ||| RETREEEEATING.
  1719 | D:5      | 1719 ||| RETREEEEATING.
  1720 | D:5      | 1720 ||| RETREEEEATING.
  1722 | D:5      | 1722 ||| RETREEEEATING.
  1725 | D:5      | 1725 ||| RETREEEEATING.
  1737 | D:5      | HP: 10/46 [gnoll sergeant/+0 spear (2)]
  1739 | D:5      | HP: 3/46 [gnoll sergeant/+0 spear (8)]
  1740 | D:5      | Mangled by a gnoll sergeant

Levels and vault maps discovered:
D:1:      psy_arrival_basics, layout_loops_ring, ebering_ecumenical_altar_hall
D:2:      layout_loops_ring, serial_shops, nicolae_shop_window_shopping,
          nrook_mini_vaults
D:3:      layout_basic, gammafunk_ghost_smash
D:5:      layout_basic, enter_ossuary_5

Skill      XL: |  1  2  3  4  5  6 |
---------------+-------------------+-----
Ranged Weapons | 4 5 |  5.4
Armour         | 1 |  1.0
Fighting       | 3 |  3.4
Dodging        | 3 |  3.1
Stealth        | |  0.7

Action                     |  1- 3 |  4- 6 || total
---------------------------+-------+-------++-------
   Fire: Shortbow          |    83 |       ||    83
         Sling             |       |    49 ||    49
         Orcbow            |       |    21 ||    21
    Use: Scroll            |     3 |     8 ||    11
         Potion            |       |     2 ||     2
 Armour: Leather armour    |     4 |       ||     4
         Ring mail         |     8 |    19 ||    27
  Dodge: Dodged            |    23 |    20 ||    43

Table legend:
 A = Non-vault XP
 B = Vault XP
 C = Vault XP percentage of total XP
 D = Non-vault monster count
 E = Vault monster count
 F = Vault count percentage of total count
                 A         B        C        D         E       F
            +---------+---------+-------+---------+---------+-------
      Total |     476 |       0 |   0.0 |      52 |       0 |   0.0
            +---------+---------+-------+---------+---------+-------
        D:1 |      35 |       0 |   0.0 |      17 |       0 |   0.0
        D:2 |      44 |       0 |   0.0 |      17 |       0 |   0.0
        D:3 |     106 |       0 |   0.0 |      11 |       0 |   0.0
        D:5 |     291 |       0 |   0.0 |       7 |       0 |   0.0
            +---------+---------+-------+---------+---------+-------
